 Dungeon Crawl Stone Soup version 0.20.0 (webtiles) character file.

414261 Llamajah the Peltast (level 24, -12/176 (177) HPs)
             Began as a Formicid Fighter on June 19, 2017.
             Was the Champion of Okawaru.
             Killed by the air
             ... invoked by a spriggan air mage
             ... led by a spriggan defender
              (38 damage)
             ... on level 2 of the Depths on June 20, 2017.
             The game lasted 04:43:08 (59881 turns).

Llamajah the Peltast (Formicid Fighter)            Turns: 59881, Time: 04:43:09

HP:   -12/176 (177) AC: 43    Str: 31    XL:     24   Next: 71%
MP:   27/31         EV: 20    Int: 10    God:    Okawaru [******]
Gold: 2269          SH: 29    Dex: 13    Spells: 23/23 levels left

rFire    + + +     SeeInvis +   z - +9 battleaxe of Vengeance {speed, +Blink rElec rF+}
rCold    + . .     Gourm    .   M - +2 large shield "Taumisunn" {-Tele rElec rN+}
rNeg     + + .     Faith    +   L - +15 Maxwell's patent armour {-Cast -Tele rElec MR+ rCorr}
rPois    +         Spirit   .   (helmet unavailable)
rElec    +         Reflect  .   i - scarf {rC+ rF+}
rCorr    +         Harm     .   H - +2 pair of gloves {Dex+3}
MR       +++..     NoCast   +   N - +2 pair of boots {Fly}
Stlth    ..........             q - amulet of faith
Regen    0.4/turn               t - ring of Onkakida {rF++ Slay+5 Stlth+}
MPRegen  0.3/turn               U - ring of Junengan {rPois rN+ Slay+3}

@: heroism, finesse, flying
A: permanent stasis, dig shafts and tunnels, four strong arms, antennae 3, frail
1
}: 2/15 runes: decaying, gossamer
a: Dig, Shaft Self, Heroism, Finesse, Renounce Religion, Stop Flying


You were on level 2 of the Depths.
You worshipped Okawaru.
Okawaru was exalted by your worship.
You were not hungry.

You visited 9 branches of the dungeon, and saw 42 of its levels.
You visited 1 bazaar.
You also visited: Sewer.

You collected 8065 gold pieces.
You spent 5796 gold pieces at shops.

Inventory:

Hand Weapons
 v - a +4 eveningstar of protection
 z - the +9 battleaxe of Vengeance (weapon) {speed, +Blink rElec rF+}
   (Okawaru gifted it to you on level 4 of the Spider Nest)

   Attacks with this weapon are significantly faster.
   It protects you from fire.
   It insulates you from electricity.
   It lets you blink.
 J - the +10 hand crossbow of the Big Fish {elec, MR+}
   (Okawaru gifted it to you on level 4 of the Spider Nest)

   It charges the ammunition it shoots with electricity; occasionally upon a
   hit, such missiles may discharge and cause terrible harm.
   It affects your resistance to hostile enchantments.
 S - a +3 triple crossbow of flaming
 X - a +6 executioner's axe of protection
Missiles
 C - 1327 bolts
Armour
 a - a +2 pair of boots of stealth
 i - a scarf of resistance (worn)
 y - the +3 shadow dragon scales "Adghe" {MR+ Stlth++++}
   (Okawaru gifted it to you on level 2 of the Elven Halls)

   It affects your resistance to hostile enchantments.
   It makes you much more stealthy.
 F - a +2 cloak of invisibility
 H - a +2 pair of gloves of dexterity (worn)
 L - the +15 Maxwell's patent armour (worn) {-Cast -Tele rElec MR+ rCorr}
   (You bought it in a shop in a bazaar)

   It insulates you from electricity.
   It affects your resistance to hostile enchantments.
   It prevents spellcasting.
   It prevents most forms of teleportation.
   It protects you from acid and corrosion.
 M - the +2 large shield "Taumisunn" (worn) {-Tele rElec rN+}
   (Okawaru gifted it to you on level 14 of the Dungeon)

   It insulates you from electricity.
   It protects you from negative energy.
   It prevents most forms of teleportation.
 N - a +2 pair of boots of flying (worn)
Jewellery
 g - a cursed -3 ring of protection
 h - the ring of Brilliance {rN+ Str+3}
   (You acquired it on level 2 of the Spider Nest)

   [ring of strength]

   It affects your strength (+3).
   It protects you from negative energy.
 p - a +4 ring of protection
 q - an amulet of faith (around neck)
 t - the ring of Onkakida (left hand) {rF++ Slay+5 Stlth+}
   (You bought it in a shop on level 1 of the Vaults)

   [ring of slaying]

   It affects your accuracy and damage with ranged weapons and melee attacks
   (+5).
   It greatly protects you from fire.
   It makes you more stealthy.
 U - the ring of Junengan (right hand) {rPois rN+ Slay+3}
   (You bought it in a shop on level 2 of the Orcish Mines)

   [ring of slaying]

   It affects your accuracy and damage with ranged weapons and melee attacks
   (+3).
   It protects you from poison.
   It protects you from negative energy.
 Z - the ring of Bunih {rCorr Int+3}
   (You found it on level 3 of the Elven Halls)

   [ring of resist corrosion]

   It affects your intelligence (+3).
Wands
 b - a wand of clouds (2/9)
 j - a wand of iceblast (6/15)
 k - a wand of scattershot (6/9)
 o - a wand of iceblast (15/15)
 P - a wand of clouds (5/9)
 Q - a wand of acid (7/15)
Scrolls
 c - 13 scrolls of identify
 e - a scroll of holy word
 n - 19 scrolls of remove curse
 r - 2 scrolls of summoning
 s - a scroll of fear
 E - 5 scrolls of fog
 W - 6 scrolls of magic mapping
 Y - 3 scrolls of recharging
Potions
 l - 6 potions of cancellation
 m - 5 potions of ambrosia
 w - a potion of heal wounds
 x - 3 potions of magic
 A - 5 potions of resistance
 D - 3 potions of might
 G - 11 potions of curing
 I - 3 potions of mutation
 K - 3 potions of agility
 V - 3 potions of brilliance
Comestibles
 d - 39 fruits
 f - 20 bread rations
 u - 18 meat rations
 O - 11 chunks of flesh


   Skills:
 + Level 17.6(22.6) Fighting
 * Level 18.4(23.4) Axes
 - Level 7.7(12.7) Crossbows
 + Level 17.7(22.7) Armour
 + Level 16.7(21.7) Dodging
 * Level 20.7(25.7) Shields
 - Level 6.5 Invocations
 - Level 10.7 Evocations


You had 23 spell levels left.
You didn't know any spells.

Dungeon Overview and Level Annotations

Branches:
Dungeon (15/15)            Temple (1/1) D:4            Lair (6/6) D:9
  Swamp (4/4) Lair:2       Spider (4/4) Lair:3        Slime (0/5) Lair:5
    Orc (2/2) D:12            Elf (3/3) Orc:2        Vaults (5/5) D:14
  Crypt (0/3) Vaults:2     Depths (2/5) D:15

Altars:
Ashenzari
Cheibriados
Dithmenos
Elyvilon
Fedhas
Gozag
Hepliaklqana
Kikubaaqudgha
Makhleb
Nemelex Xobeh
Okawaru
Qazlal
Ru
Sif Muna
Trog
Uskayaw
Vehumet
Xom
Yredelemnul
Zin
The Shining One
Beogh
Lugonu

Shops:
D:15 *   Orc:2 (=*%   Elf:1 (   Vaults:1 =   Vaults:3 ?   Vaults:4 (

Portals:
Hell: Depths:1
Trove: D:10 (give 12 potions of heal wounds)

Annotations:
D:14 exclusion: Roxanne, Roxanne


Innate Abilities, Weirdness & Mutations

You cannot be hasted, slowed, berserked, paralysed or teleported.
You can dig through walls and to a lower floor.
Your four strong arms can wield two-handed weapons with a shield.
You have a pair of large antennae on your head. (SInv)
You are frail. (-10% HP)


Message History

The spriggan air mage waves its arms in wide circles.
The air twists around and violently strikes you in flight!
The spriggan air mage waves its arms in wide circles.
The air twists around and violently strikes you in flight!
* * * LOW HITPOINT WARNING * * *
You hear a shout!
The spriggan air mage waves its arms in wide circles.
The air twists around and violently strikes you in flight!
* * * LOW HITPOINT WARNING * * *
The spriggan berserker rages.
The green very ugly thing basks in the mutagenic energy from its kin and changes!
The spriggan air mage waves its arms in wide circles.
The air twists around and violently strikes you in flight!
The juggernaut hits you.
* * * LOW HITPOINT WARNING * * *
The juggernaut completely misses you.
The spriggan berserker closely misses you.
The spriggan air mage waves its arms in wide circles.
The air twists around and violently strikes you in flight!
You die...

###'..# .. 'u #).'### ..#
u' ##....# ...# #.
##....## ..T.##b ##.....#
..⌠[b{{ ###.....##
#..u..{##########......##
{ #u..Ei#bi......#!....##
#$..))CEi@8...''...##
###.#.........?#.### #
#..........###
############{ { {


You could see a juggernaut, a caustic shrike, a spriggan berserker (berserk), 2
spriggan air magi and 2 air elementals.

Vanquished Creatures
  Mara (Spider:3)
  Bai Suzhen (Elf:3)
  3 caustic shrikes (Depths:2)
  Nikola (Swamp:2)
  Jory (Vaults:4)
  Arachne (Spider:2)
  Jorgrun (Vaults:2)
  A tentacled monstrosity (Swamp:4)
  Rupert (D:13)
  2 deep elf master archers
  The ghost of zilverxoul the Severer, an adept MiBe of Trog (Swamp:4)
  2 deep elf blademasters (Elf:3)
  An ancient champion (Vaults:2)
  Kirke (Swamp:4)
  Agnes (Spider:3)
  2 fire giants
  2 frost giants
  4 ghost moths
  6 deep elf sorcerers
  An orc warlord (Orc:2)
  8 emperor scorpions
  8 vault wardens
  Louise (D:14)
  The ghost of Minorbread the Fencer, a journeyman HOFi of Okawaru (Orc:1)
  15 ironheart preservers
  15 very ugly things
  2 spriggan defenders (Depths:2)
  6 deep elf elementalists
  6 stone giants
  5 entropy weavers
  Azrael (D:14)
  9 deep elf demonologists
  2 dire elephants (Lair:5)
  5 deep elf annihilators
  3 ettins
  3 spark wasps
  8 deep elf death magi
  2 green deaths (Swamp:4)
  Snorg (D:12)
  3 fire dragons
  A jiangshi (Vaults:2)
  4 great orbs of eyes
  6 yaktaur captains
  12 ogre magi
  2 deep elf high priests (Elf:3)
  A rakshasa (Depths:2)
  9 ice dragons
  17 hydras
  2 ghost crabs (Swamp:4)
  2 vault guards
  45 two-headed ogres
  6 death yaks (Lair:6)
  8 centaur warriors
  25 dancing weapons
  A queen ant (Lair:2)
  4 death knights
  2 deep troll shamans
  5 tengu warriors
  3 alligators
  4 orc high priests (Orc:2)
  3 deep troll earth magi
  Urug (D:14)
  23 deep elf knights
  A fire crab (shapeshifter) (Depths:1)
  2 shadow wraiths
  6 skeletal warriors
  2 unseen horrors
  5 flayed ghosts
  23 deep trolls
  8 swamp dragons
  3 shambling mangroves
  An orange crystal statue (Vaults:2)
  10 orc knights
  A glowing orange brain (Depths:2)
  17 deep elf archers
  3 spriggan druids (Swamp:4)
  3 wizards (Vaults:3)
  A lindwurm (Lair:6)
  A wolf spider zombie (D:14)
  5 harpies (Vaults:2)
  10 necromancers
  8 ironbrand convokers
  2 human zombies (Vaults:2)
  9 cyclopes
  2 sphinx skeletons (Vaults:2)
  11 elephants
  67 deep elf magi
  19 orb spiders
  6 orc sorcerers
  30 ugly things
  32 wolf spiders
  A moth of wrath (shapeshifter) (Vaults:4)
  3 moths of wrath
  A human skeleton (Vaults:2)
  6 black mambas
  12 vault sentinels
  A fire giant skeleton (Depths:1)
  4 centaur zombies
  2 orange demons (Swamp:4)
  A spiny frog (shapeshifter) (Vaults:2)
  A gargoyle (D:14)
  5 komodo dragons
  22 spiny frogs
  4 tengu conjurers
  11 demonic crawlers
  9 freezing wraiths
  45 yaktaurs
  A polar bear (shapeshifter) (D:14)
  A yaktaur skeleton (Vaults:2)
  22 jumping spiders
  10 trolls
  A merfolk (shapeshifter) (Vaults:2)
  3 meliai (D:15)
  5 polar bears
  A tengu simulacrum (Vaults:2)
  7 tyrant leeches
  A dream sheep (Lair:6)
  A hornet (shapeshifter) (D:14)
  11 hornets
  7 bog bodies
  42 slime creatures
  12 blink frogs
  9 hippogriffs
  2 human simulacra (Vaults:2)
  A hippogriff (shapeshifter) (Vaults:3)
  4 shadows
  25 yaks
  6 air elementals
  Sigmund (D:5)
  A spriggan (shapeshifter) (D:15)
  26 tarantellas
  A vampire (D:14)
  66 redbacks
  16 spriggans
  3 wyverns
  7 water elementals
  3 wraiths
  7 large abominations
  2 yaks (shapeshifter)
  A hog (Swamp:4)
  The ghost of zilverxoul the Skirmisher, an amateur DsFi (D:4)
  10 fire elementals
  2 basilisks
  16 humans (D:13)
  5 hungry ghosts
  32 vampire mosquitoes
  Edmund (D:5)
  A yaktaur simulacrum (Vaults:3)
  A steam dragon (D:11)
  28 swamp worms
  6 insubstantial wisps (Swamp:2)
  A small abomination (Swamp:4)
  6 wargs
  3 acid dragons
  A naga (shapeshifter) (Vaults:3)
  5 hell hounds
  8 soldier ants
  34 water moccasins
  6 swamp drakes
  4 sky beasts
  15 porcupines
  5 black bears
  58 orc warriors
  3 ice beasts
  An orc zombie (Vaults:2)
  An ice dragon simulacrum (Depths:1)
  A necrophage (D:11)
  48 ogres
  16 boggarts
  3 eyes of draining
  4 phantoms
  19 centaurs
  28 wolves
  14 crocodiles
  A tengu (shapeshifter) (Vaults:1)
  10 big kobolds
  4 elf zombies (Elf:1)
  25 bullfrogs
  A glowing shapeshifter simulacrum (Depths:1)
  3 earth elementals (Elf:2)
  5 scorpions
  19 killer bees
  An elf simulacrum (Vaults:2)
  4 wights (D:7)
  6 howler monkeys
  5 electric eels
  6 jellies
  10 crimson imps
  A quasit (D:6)
  4 bullfrog zombies
  6 hounds
  41 orc priests
  Crazy Yiuf (D:7)
  5 centaur skeletons
  A gnoll shaman (D:7)
  Jessica (D:3)
  5 iguanas
  35 worker ants
  Natasha (thrice) (D:2 D:4)
  32 orc wizards
  7 hell rats (Lair:6)
  A hound zombie (D:7)
  4 gnolls
  A howler monkey skeleton (D:6)
  31 adders
  2 river rats (D:6)
  4 shadow imps
  A white imp (Vaults:2)
  9 oozes
  An adder skeleton (D:5)
  2 worms
  3 dart slugs
  8 leopard geckos
  147 orcs
  5 ball pythons
  7 giant cockroaches
  10 goblins
  8 hobgoblins
  9 jackals
  8 quokkas
  15 bats
  4 frilled lizards
  26 kobolds
  2 rats
  A butterfly (Lair:2)
  4 fungi
  A plant (D:9)
1989 creatures vanquished.

Vanquished Creatures (others)
  A ghost moth (Spider:3)
  A deep elf knight (Elf:2)
  A deep elf archer (Elf:1)
  2 humans (Swamp:4)
  An orc priest (Orc:2)
  An orc wizard (D:7)
  An orc (D:14)
  A quokka (D:2)
  19 fungi
  9 plants
  6 toadstools (D:5)
43 creatures vanquished.

Grand Total: 2032 creatures vanquished

Notes
Turn   | Place    | Note
-------+----------+-------------------------------------------
     0 | D:1      | Llamajah the Formicid Fighter began the quest for the Orb.
     0 | D:1      | Reached XP level 1. HP: 18/18 MP: 1/1
   218 | D:1      | Reached XP level 2. HP: 23/24 MP: 2/2
   516 | D:1      | Reached XP level 3. HP: 29/29 MP: 3/3
   541 | D:1      | Reached skill level 4 in Shields
   746 | D:1      | Reached skill level 1 in Dodging
   884 | D:2      | Reached XP level 4. HP: 37/37 MP: 4/4
   970 | D:2      | Found a white marble altar of Elyvilon.
   972 | D:2      | Noticed Natasha
   992 | D:2      | Killed Natasha
  1365 | D:3      | Reached XP level 5. HP: 42/42 MP: 5/5
  1621 | D:3      | Noticed Jessica
  1625 | D:3      | Killed Jessica
  1640 | D:3      | Reached XP level 6. HP: 29/48 MP: 4/6
  1786 | D:3      | Found a sparkling altar of Nemelex Xobeh.
  2364 | D:4      | Found a staircase to the Ecumenical Temple.
  2367 | D:4      | Noticed Natasha
  2379 | D:4      | Killed Natasha
  2385 | D:4      | HP: 2/49 [hound (2)]
  2449 | Temple   | Entered the Ecumenical Temple
  2873 | D:4      | Noticed Natasha
  2877 | D:4      | Found an opulent altar of Gozag.
  2887 | D:4      | Killed Natasha
  2916 | D:4      | Noticed zilverxoul's ghost (amateur DsFi)
  2923 | D:4      | Killed zilverxoul's ghost
  2923 | D:4      | Reached skill level 5 in Shields
  2923 | D:4      | Reached XP level 7. HP: 40/55 MP: 3/7
  3174 | D:5      | Entered Level 5 of the Dungeon
  3272 | D:5      | Noticed Edmund
  3498 | D:5      | Killed Edmund
  3498 | D:5      | Reached skill level 5 in Fighting
  3512 | D:5      | Noticed Sigmund
  3518 | D:5      | Killed Sigmund
  3518 | D:5      | Reached XP level 8. HP: 54/62 MP: 8/8
  3588 | D:5      | Found a blossoming altar of Fedhas.
  3828 | D:5      | Reached skill level 5 in Armour
  3918 | D:5      | Reached skill level 5 in Dodging
  4043 | D:5      | Noticed a slime creature
  4043 | D:5      | Noticed a slime creature
  4045 | D:5      | Reached skill level 6 in Shields
  4237 | D:3      | Killed a slime creature
  4237 | D:3      | Reached XP level 9. HP: 28/69 MP: 3/9
  4457 | D:4      | Killed a slime creature
  4731 | D:5      | Found a bloodstained altar of Trog.
  4751 | D:5      | Reached skill level 5 in Axes
  5355 | D:6      | Reached skill level 7 in Shields
  5419 | D:6      | Found a glowing drain.
  5440 | Sewer    | Entered a sewer
  5762 | D:6      | Reached XP level 10. HP: 59/77 MP: 7/10
  5830 | D:6      | Noticed a purple ugly thing
  5852 | D:6      | Killed a purple ugly thing
  6569 | D:7      | Reached skill level 8 in Shields
  7110 | D:7      | Found a runed door.
  7294 | D:7      | Noticed a brown ugly thing
  7314 | D:7      | Killed a brown ugly thing
  7652 | D:7      | Found a glowing golden altar of the Shining One.
  7754 | D:7      | Noticed Crazy Yiuf
  7761 | D:7      | Killed Crazy Yiuf
  7800 | D:8      | Reached XP level 11. HP: 84/86 MP: 11/11
  7803 | D:8      | Noticed a two-headed ogre
  7817 | D:8      | Killed a two-headed ogre
  8312 | D:8      | Noticed a two-headed ogre
  8399 | D:8      | Killed a two-headed ogre
  8399 | D:8      | Reached skill level 9 in Shields
  9740 | D:9      | Found an iron altar of Okawaru.
  9746 | D:9      | Became a worshipper of Warmaster Okawaru
  9968 | D:9      | Found a staircase to the Lair.
  9988 | Lair:1   | Entered Level 1 of the Lair of Beasts
 10068 | Lair:1   | Reached * piety under Okawaru
 10170 | Lair:1   | Reached XP level 12. HP: 54/94 MP: 7/12
 10632 | Lair:1   | Reached skill level 10 in Dodging
 10653 | Lair:1   | Got a transparent scythe
 10654 | Lair:1   | Identified the +8 scythe "Ytwuth" {pain, rN+ Str-4 Int+2} (You found it on level 1 of the Lair of Beasts)
 10928 | Lair:1   | Reached skill level 10 in Shields
 10941 | Lair:1   | Reached ** piety under Okawaru
 11136 | Lair:1   | Noticed a seven-headed hydra
 11151 | Lair:1   | Killed a seven-headed hydra
 11735 | Lair:1   | Got a warped scale mail
 11746 | Lair:1   | Identified the cursed +1 scale mail of Pan-Flutes {MR+ MP+9 Int+2 Dex+4} (You found it on level 1 of the Lair of Beasts)
 11905 | Lair:2   | Found a staircase to the Swamp.
 12400 | Lair:2   | Reached *** piety under Okawaru
 12875 | Lair:2   | Noticed a queen ant
 12890 | Lair:2   | Killed a queen ant
 13266 | Lair:2   | Noticed an eight-headed hydra
 13286 | Lair:2   | Reached **** piety under Okawaru
 13331 | Lair:2   | Killed an eight-headed hydra
 13582 | Lair:2   | Reached XP level 13. HP: 98/103 MP: 13/13
 13586 | Lair:2   | Reached skill level 10 in Fighting
 13822 | Lair:3   | Reached skill level 11 in Shields
 13953 | Lair:3   | Noticed a six-headed hydra
 13953 | Lair:3   | Reached ***** piety under Okawaru
 13984 | Lair:3   | Killed a six-headed hydra
 14351 | Lair:3   | Found a hole to the Spider Nest.
 15345 | Lair:4   | Reached skill level 10 in Armour
 15467 | Lair:4   | Received a gift from Okawaru
 15951 | Lair:5   | Noticed a five-headed hydra
 15979 | Lair:5   | Killed a five-headed hydra
 16374 | Lair:5   | Found a staircase to the Slime Pits.
 16690 | Lair:5   | Noticed a dire elephant
 16720 | Lair:5   | Killed a dire elephant
 16741 | Lair:5   | Noticed a dire elephant
 16759 | Lair:5   | Killed a dire elephant
 16871 | Lair:5   | Reached skill level 10 in Axes
 16962 | Lair:5   | Reached XP level 14. HP: 93/113 MP: 14/14
 17114 | Lair:6   | Entered Level 6 of the Lair of Beasts
 17789 | Lair:6   | Reached ****** piety under Okawaru
 17829 | Lair:6   | Received a gift from Okawaru
 17846 | Lair:6   | Got a warped broad axe {god gift}
 17847 | Lair:6   | Identified the +1 broad axe "Danyl" {chop, rElec rC- Int+3} (Okawaru gifted it to you on level 6 of the Lair of Beasts)
 18465 | Lair:6   | Received a gift from Okawaru
 18486 | Lair:6   | Got a bloodstained scarf {god gift}
 18584 | Lair:6   | Identified the scarf of Hedonism {+Blink rElec Str+3 Dex-2} (Okawaru gifted it to you on level 6 of the Lair of Beasts)
 18822 | Lair:6   | Got a scorched chain mail
 18833 | Lair:6   | Identified the cursed +1 chain mail of Spring {Int+2} (You found it on level 6 of the Lair of Beasts)
 18969 | Lair:6   | Reached XP level 15. HP: 86/122 MP: 15/15
 19342 | D:10     | Entered Level 10 of the Dungeon
 19540 | D:10     | Found a portal to a secret trove of treasure.
 19623 | D:10     | Found a burning altar of Makhleb.
 19792 | D:10     | Reached skill level 1 in Invocations
 21061 | D:12     | Got an amethyst-studded chain mail
 21073 | D:12     | Identified the +2 chain mail of Xaosme {rPois rF+ rC+} (You found it on level 12 of the Dungeon)
 21420 | D:12     | Noticed Snorg
 21428 | D:12     | Killed Snorg
 21669 | D:12     | Found a staircase to the Orcish Mines.
 21764 | Orc:1    | Entered Level 1 of the Orcish Mines
 21853 | D:13     | Received a gift from Okawaru
 22819 | D:14     | Found a gate to the Vaults.
 22819 | D:14     | Noticed Rupert
 22819 | D:14     | Noticed Urug
 22821 | D:14     | Noticed Louise
 22956 | D:13     | Killed Rupert
 23248 | D:14     | Noticed Azrael
 23544 | D:14     | Found a sacrificial altar of Ru.
 23632 | D:14     | Found a corrupted altar of Lugonu.
 23636 | D:14     | Reached skill level 5 in Invocations
 23659 | D:14     | Noticed Roxanne
 23777 | D:14     | Killed Urug
 23789 | D:14     | Killed Louise
 23789 | D:14     | Reached XP level 16. HP: 91/131 MP: 19/19
 23972 | D:14     | Killed Azrael
 24349 | D:14     | Received a gift from Okawaru
 24358 | D:14     | Got an encrusted large shield {god gift}
 24369 | D:14     | Identified the +2 large shield "Taumisunn" {-Tele rElec rN+} (Okawaru gifted it to you on level 14 of the Dungeon)
 24624 | D:14     | Reached skill level 1 in Crossbows
 24930 | D:15     | Entered Level 15 of the Dungeon
 25100 | D:15     | Identified Sif Muna's Volume of Lightness
 25574 | D:15     | Found Hatim's General Store.
 26253 | D:15     | Found a staircase to the Depths.
 26834 | Orc:1    | Noticed Minorbread's ghost (journeyman HOFi)
 26857 | Orc:1    | Killed Minorbread's ghost
 26857 | Orc:1    | Received a gift from Okawaru
 26857 | Orc:1    | Reached skill level 1 in Evocations
 27139 | Orc:2    | Entered Level 2 of the Orcish Mines
 27332 | Orc:2    | Found Ibubas's Food Boutique.
 27353 | Orc:2    | Found Fifuuc's Assorted Antiques.
 27364 | Orc:2    | Bought a scroll of enchant armour for 262 gold pieces
 27364 | Orc:2    | Bought a potion of curing for 105 gold pieces
 27390 | Orc:2    | Found a roughly hewn altar of Beogh.
 27979 | Orc:2    | Reached skill level 12 in Shields
 28309 | Orc:2    | Found a staircase to the Elven Halls.
 28377 | Orc:2    | Received a gift from Okawaru
 28788 | Orc:2    | Reached XP level 17. HP: 137/138 MP: 21/21
 28790 | Orc:2    | Found a roughly hewn altar of Beogh.
 28850 | Orc:2    | Found Usoichye's Jewellery Shoppe.
 28858 | Orc:2    | Received a gift from Okawaru
 28876 | Orc:2    | Bought the ring of Junengan {rPois rN+ Slay+3} for 906 gold pieces
 29123 | Orc:2    | Found Acuutini's Antique Weapon Emporium.
 29636 | Spider:1 | Entered Level 1 of the Spider Nest
 30532 | Spider:2 | Noticed Arachne
 30568 | Spider:2 | Killed Arachne
 31105 | Spider:2 | Received a gift from Okawaru
 31295 | Spider:2 | Received a gift from Okawaru
 31367 | Spider:2 | Reached skill level 13 in Shields
 31646 | Spider:2 | Identified a scroll of acquirement
 31650 | Spider:2 | Got an ancient turquoise ring
 31651 | Spider:2 | Identified the ring of Brilliance {rN+ Str+3} (You acquired it on level 2 of the Spider Nest)
 32138 | Spider:3 | Noticed Mara
 32262 | Spider:3 | Noticed Llamajah's illusion
 32380 | Spider:2 | Reached skill level 5 in Crossbows
 32472 | Spider:3 | Noticed Llamajah's illusion
 32818 | Spider:2 | Reached skill level 5 in Evocations
 33030 | Elf:1    | Entered Level 1 of the Elven Halls
 34169 | Elf:1    | Identified the Compendium of Black Secrets
 34190 | Elf:1    | Reached XP level 18. HP: 130/147 MP: 22/22
 34686 | Elf:1    | Found Efogirr's Antique Weapon Emporium.
 35653 | Elf:2    | Received a gift from Okawaru
 36176 | Elf:2    | Found a runed gate.
 36176 | Elf:2    | Found a runed gate.
 36188 | Elf:2    | Found a runed gate.
 36386 | Elf:2    | Received a gift from Okawaru
 36387 | Elf:2    | Got spiked shadow dragon scales {god gift}
 36720 | Elf:2    | Identified the +3 shadow dragon scales "Adghe" {MR+ Stlth++++} (Okawaru gifted it to you on level 2 of the Elven Halls)
 36917 | Elf:2    | Reached skill level 14 in Shields
 38511 | Elf:2    | Received a gift from Okawaru
 38735 | Elf:3    | Entered Level 3 of the Elven Halls
 38823 | Elf:3    | Received a gift from Okawaru
 38860 | Elf:3    | Found a magical portal.
 38866 | Elf:3    | Noticed Bai Suzhen
 38917 | Elf:3    | Killed Bai Suzhen
 38997 | Elf:3    | Reached XP level 19. HP: 121/154 MP: 24/24
 39048 | Elf:3    | Received a gift from Okawaru
 39275 | Elf:2    | HP: 5/154 [deep elf death mage/bolt of negative energy (7)]
 39966 | Elf:3    | Noticed a deep elf blademaster
 39987 | Elf:3    | Killed a deep elf blademaster
 39987 | Elf:3    | Reached skill level 15 in Shields
 40366 | Elf:3    | Noticed a deep elf blademaster
 40390 | Elf:3    | Killed a deep elf blademaster
 40447 | Elf:3    | Received a gift from Okawaru
 41283 | Elf:3    | Noticed a Tzitzimitl
 41283 | Elf:3    | Reached skill level 15 in Armour
 41585 | Elf:3    | Noticed a Tzitzimitl
 41600 | Elf:3    | Got a crude iron amulet
 42156 | Elf:3    | Noticed an Ice Fiend
 42256 | Elf:3    | Reached skill level 15 in Fighting
 42604 | Elf:3    | Noticed a Tzitzimitl
 42843 | Elf:2    | Received a gift from Okawaru
 43030 | Elf:3    | Got a smelly plate armour
 43072 | Elf:2    | Identified the cursed +1 plate armour of Dyptoc {*Drain rN+++ Int-2 SInv} (You found it on level 3 of the Elven Halls)
 43085 | Elf:2    | Identified the amulet of Moodiness {Gourm rC+} (You took it off a deep elf mage on level 3 of the Elven Halls)
 43387 | Elf:3    | Identified the Collected Works on Transformation and Weightlessness
 43392 | Elf:3    | Got a scintillating ivory ring
 43405 | Elf:3    | Identified the ring of Bunih {rCorr Int+3} (You found it on level 3 of the Elven Halls)
 44255 | Spider:3 | Noticed Llamajah's illusion
 44454 | Spider:3 | Noticed Llamajah's illusion
 44799 | Swamp:1  | Entered Level 1 of the Swamp
 45575 | Swamp:1  | Reached XP level 20. HP: 158/161 MP: 26/26
 45821 | Swamp:2  | Reached skill level 16 in Shields
 45829 | Swamp:2  | Received a gift from Okawaru
 45991 | Swamp:2  | Reached skill level 15 in Dodging
 46018 | Swamp:2  | Noticed Nikola
 46035 | Swamp:2  | Killed Nikola
 46936 | Swamp:4  | Entered Level 4 of the Swamp
 47139 | Swamp:4  | Noticed zilverxoul's ghost (adept MiBe)
 47140 | Swamp:4  | Noticed Kirke
 47162 | Swamp:4  | Received a gift from Okawaru
 47171 | Swamp:4  | Killed Kirke
 47671 | Swamp:4  | Killed zilverxoul's ghost
 48118 | Swamp:4  | Noticed a tentacled monstrosity
 48129 | Swamp:4  | Killed a tentacled monstrosity
 48516 | Swamp:4  | Received a gift from Okawaru
 48798 | Swamp:4  | Got a decaying rune of Zot
 49300 | Vaults:1 | Entered Level 1 of the Vaults
 49320 | Vaults:1 | Reached skill level 15 in Axes
 49603 | Vaults:1 | Noticed a Hell Sentinel
 49611 | Vaults:1 | Reached skill level 17 in Shields
 49810 | Vaults:1 | Reached XP level 21. HP: 150/169 MP: 28/28
 50234 | Vaults:1 | Found Lameob's Jewellery Shop.
 50238 | Vaults:1 | Bought the ring of Onkakida {rF++ Slay+5 Stlth+} for 1828 gold pieces
 50283 | Vaults:1 | Received a gift from Okawaru
 50733 | Vaults:2 | Found a staircase to the Crypt.
 50791 | Vaults:2 | Noticed Jorgrun
 50803 | Vaults:2 | Killed Jorgrun
 50918 | Vaults:2 | Received a gift from Okawaru
 51243 | Vaults:1 | Received a gift from Okawaru
 51460 | Vaults:2 | Reached skill level 10 in Evocations
 51584 | Vaults:2 | Received a gift from Okawaru
 51941 | Vaults:2 | Found a gateway to a bazaar.
 51947 | Bazaar   | Entered a bazaar
 51964 | Bazaar   | Found Gyusiz's Gadget Shoppe.
 51964 | Bazaar   | Found Yhamic's Antique Armour Emporium.
 51985 | Bazaar   | Found Alodwuez's Magic Scroll Shoppe.
 51985 | Bazaar   | Found Geytikyugu's Weapon Emporium.
 52063 | Bazaar   | Bought a scroll of fog for 24 gold pieces
 52063 | Bazaar   | Bought a scroll of acquirement for 624 gold pieces
 52097 | Bazaar   | Bought the +15 Maxwell's patent armour {-Cast -Tele rElec MR+ rCorr} for 1611 gold pieces
 52335 | Vaults:2 | Reached skill level 18 in Shields
 52344 | Vaults:2 | Received a gift from Okawaru
 52366 | Vaults:2 | Reached XP level 22. HP: 124/177 MP: 26/29
 53014 | Vaults:2 | Received a gift from Okawaru
 53062 | Vaults:2 | Received a gift from Okawaru
 53418 | Vaults:3 | Found Tyeph's Magic Scroll Boutique.
 53438 | Vaults:3 | Bought a scroll of recharging for 218 gold pieces
 53438 | Vaults:3 | Bought a scroll of recharging for 218 gold pieces
 53896 | Vaults:3 | Received a gift from Okawaru
 54627 | Vaults:3 | Received a gift from Okawaru
 54639 | Vaults:3 | Got a sapphire hand axe {god gift}
 54640 | Vaults:3 | Identified the +1 hand axe "Arcanum" {chop, rC+} (Okawaru gifted it to you on level 3 of the Vaults)
 54853 | Vaults:4 | Gained mutation: You are frail. (-10% HP) [a shining eye]
 55022 | Vaults:4 | Reached skill level 19 in Shields
 55136 | Vaults:4 | Reached XP level 23. HP: 158/166 MP: 31/31
 55170 | Vaults:4 | Noticed Jory
 55200 | Vaults:4 | Killed Jory
 55202 | Vaults:4 | Received a gift from Okawaru
 56566 | Vaults:4 | Found Ownuod's Weapon Emporium.
 56817 | Vaults:5 | Entered Level 5 of the Vaults
 57344 | Spider:3 | Noticed Llamajah's illusion
 57360 | Spider:3 | Killed Mara
 57396 | Spider:3 | Noticed Agnes
 57409 | Spider:3 | Killed Agnes
 57619 | Spider:4 | Entered Level 4 of the Spider Nest
 57661 | Spider:4 | Received a gift from Okawaru
 57748 | Spider:4 | Received a gift from Okawaru
 57751 | Spider:4 | Got an ichor-stained battleaxe {god gift}
 57752 | Spider:4 | Identified the +9 battleaxe of Vengeance {speed, +Blink rElec rF+} (Okawaru gifted it to you on level 4 of the Spider Nest)
 58283 | Spider:4 | Received a gift from Okawaru
 58341 | Spider:4 | Reached skill level 20 in Shields
 58351 | Spider:4 | Received a gift from Okawaru
 58354 | Spider:4 | Got a transparent hand crossbow {god gift}
 58356 | Spider:4 | Identified the +10 hand crossbow of the Big Fish {elec, MR+} (Okawaru gifted it to you on level 4 of the Spider Nest)
 58405 | Spider:4 | Got a gossamer rune of Zot
 58504 | Spider:4 | Reached XP level 24. HP: 170/174 MP: 31/31
 58924 | Depths:1 | Entered Level 1 of the Depths
 58962 | Depths:1 | Received a gift from Okawaru
 59291 | Depths:1 | Received a gift from Okawaru
 59300 | Depths:1 | Got a bone hand axe
 59301 | Depths:1 | Identified the +9 hand axe "Fikhlag" {chop, *Noise rPois rC+ MR+} (You found it on level 1 of the Depths)
 59430 | Depths:1 | Found a gateway to Hell.
 59845 | Depths:2 | Noticed a caustic shrike
 59847 | Depths:2 | Noticed a caustic shrike
 59847 | Depths:2 | Noticed a caustic shrike
 59848 | Depths:2 | Noticed a caustic shrike
 59853 | Depths:2 | Noticed a caustic shrike
 59855 | Depths:2 | Noticed a juggernaut
 59860 | Depths:2 | Killed a caustic shrike
 59864 | Depths:2 | Received a gift from Okawaru
 59873 | Depths:2 | Killed a caustic shrike
 59874 | Depths:2 | Killed a caustic shrike
 59881 | Depths:2 | Killed from afar by a spriggan air mage

Skill      XL: |  1  2  3  4  5  6  7  8  9 10 11 12 13 14 15 16 17 18 19 20 21 22 23 24 |
---------------+-------------------------------------------------------------------------+-----
Shields        | 4 5 6 7 8 9 10 11 12 13 14 15 17 18 19 20 | 20.7
Dodging        | 1 2 3 4 5 6 8 9 11 12 13 14 15 16 | 16.7
Axes           | 3 4 5 6 7 8 10 11 12 13 14 15 16 17 18 | 18.4
Fighting       | 4 5 6 7 8 9 11 12 13 14 15 16 17 | 17.6
Armour         | 4 5 6 7 8 9 10 12 13 14 15 16 17 | 17.7
Invocations    | 5 6 |  6.5
Crossbows      | 3 5 6 7 |  7.7
Evocations     | 2 5 6 8 9 10 | 10.7

Action                   |  1- 3 |  4- 6 |  7- 9 | 10-12 | 13-15 | 16-18 | 19-21 | 22-24 || total
-------------------------+-------+-------+-------+-------+-------+-------+-------+-------++-------
Melee: War axe           |   102 |   129 |   397 |   981 |   653 |       |       |       ||  2262
       Scythe            |       |       |       |    35 |       |       |       |       ||    35
       Dire flail        |       |       |       |     4 |    29 |       |       |       ||    33
       Broad axe         |       |       |       |       |   518 |       |       |       ||   518
       Executioner's axe |       |       |       |       |   358 |  1320 |  1209 |   626 ||  3513
       Eveningstar       |       |       |       |       |       |    56 |   102 |       ||   158
       Battleaxe         |       |       |       |       |       |       |       |   467 ||   467
 Fire: Triple crossbow   |       |       |       |       |       |     2 |       |     2 ||     4
Invok: Heroism           |       |       |       |     1 |     3 |     4 |     8 |     5 ||    21
       Finesse           |       |       |       |       |       |     2 |     2 |     2 ||     6
 Abil: Dig               |       |       |       |     1 |     2 |     5 |     4 |     1 ||    13
Evoke: Wand              |       |       |       |    11 |     2 |       |    10 |       ||    23
  Use: Potion            |       |     1 |     9 |    12 |     9 |     5 |     3 |       ||    39
       Scroll            |       |       |       |    21 |    11 |    27 |     9 |     4 ||    72
 Stab: Sleeping          |       |       |       |       |       |     4 |     9 |       ||    13
       Distracted        |       |       |       |       |       |       |     6 |       ||     6
       Paralysed         |       |       |       |       |       |       |     2 |       ||     2
  Eat: Chunk             |       |     7 |    10 |    32 |    39 |    31 |    30 |    17 ||   166
       Royal jelly       |       |       |       |     1 |     1 |     6 |     2 |     1 ||    11
       Fruit             |       |       |       |       |       |    13 |     8 |     7 ||    28
       Meat ration       |       |       |       |       |       |       |     1 |       ||     1
Armor: Scale mail        |    50 |    48 |    65 |    30 |   298 |    59 |       |       ||   550
       Plate armour      |       |       |    71 |   352 |    85 |   387 |    29 |   300 ||  1224
       Chain mail        |       |       |       |       |    67 |    10 |       |       ||    77
       Shadow dragon sca |       |       |       |       |       |    89 |   427 |       ||   516
Dodge: Dodged            |    47 |    73 |   205 |   658 |  1235 |   694 |   657 |   333 ||  3902
Block: Shield            |    79 |    89 |   230 |   776 |  1248 |    35 |       |       ||  2457
       Large shield      |       |       |       |       |       |  1683 |  1727 |  1212 ||  4622
